 Dungeon Crawl Stone Soup version 0.31-a0-230-g09eb5fc4d3 (webtiles) character file.

Game seed: 9574468922221989881

68 qw the Shooter (level 4, -1/26 HPs)
             Began as a Gargoyle Hexslinger on July 6, 2023.
             Slain by a hobgoblin (4 damage)
             ... on level 2 of the Dungeon.
             The game lasted 00:00:31 (1130 turns).

qw the Shooter (Gargoyle Hexslinger)                Turns: 1130, Time: 00:00:32

Health: -1/26      AC: 10    Str: 11    XL:     4   Next: 19%
Magic:  5/5        EV: 10    Int: 14    God:
Gold:   30         SH:  0    Dex: 14    Spells: 4/5 levels left

rFire   . . .        Y - +1 sling
rCold   . . .        (no shield)
rNeg    + . .        l - +0 ring mail
rPois   inf          (no helmet)
rElec   +            i - +0 cloak
rCorr   .            k - +0 pair of gloves
SInv    .            (no boots)
Will    .....        (no amulet)
Stlth   +            (no ring)
HPRegen 0.24/turn    (no ring)
MPRegen 0.09/turn

%: no passive effects
@: no status effects
A: sickness immunity, AC +3, negative energy resistance 1, electricity
resistance, torment resistance 1, petrification resistance
a: no special abilities


You were on level 2 of the Dungeon.
You visited 1 branch of the dungeon, and saw 2 of its levels.

You collected 30 gold pieces.


Innate Abilities, Weirdness & Mutations

You are immune to sickness and miasma.
Your stone body is resilient. (AC +3)
You are immune to poison.
You resist negative energy. (rN+)
You are resistant to electric shocks. (rElec)
You are resistant to unholy torment.
You are immune to petrification.


   Skills:
 - Level 2.0 Fighting
 + Level 3.7 Ranged Weapons
 - Level 1.2 Armour
 - Level 1.5 Dodging
 - Level 1.0 Spellcasting
 - Level 2.6 Hexes


You had 4 spell levels left.
You knew the following spells:

 Your Spells              Type           Power      Damage    Failure   Level
a - Slow                  Hex            32%        N/A       21%         1

Your spell library contained the following spells:

 Spells                   Type           Power      Damage    Failure   Level
 Inner Flame              Hex/Fire       4%         N/A       71%         3
 Portal Projectile        Hex/Tloc       8%         N/A       71%         3
 Cause Fear               Hex            4%         N/A       90%         4

Inventory:

Hand Weapons
 Y - a +1 sling (weapon)
Armour
 i - a +0 cloak (worn)
 k - a +0 pair of gloves (worn)
 l - a +0 ring mail (worn)
Potions
 d - a potion of curing {unknown}
 e - a potion of degeneration {unknown}
 f - a potion of heal wounds {unknown}
 h - a potion of might {unknown}

Dungeon Overview and Level Annotations

Branches:
Dungeon (2/15)

Altars:


Message History

The gnoll hits you from afar with a +0 halberd.
You shoot a sling bullet.
The sling bullet barely misses the gnoll.
A bat comes into view.
An adder comes into view.
The gnoll hits you from afar with a +0 halberd!
The adder moves out of view.
You shoot a sling bullet. The sling bullet hits the gnoll.
The gnoll is heavily wounded.
The gnoll hits you from afar with a +0 halberd.
You shoot a sling bullet. The sling bullet hits the gnoll.
The gnoll is heavily wounded.
The gnoll completely misses you. The gnoll barely misses you.
You shoot a sling bullet. The adder hisses angrily.
The sling bullet hits the gnoll.
You kill the gnoll!
You shoot a sling bullet.
The sling bullet hits the hobgoblin but does no damage.
A gnoll comes into view. It is wielding a +0 spear.
You shoot a sling bullet.
The sling bullet closely misses the hobgoblin.
The gnoll shouts!
The bat misses you. The hobgoblin barely misses you.
The gnoll barely misses you.
The hobgoblin hits you but does no damage.
The bat barely misses you.
You shoot a sling bullet. The sling bullet hits the gnoll!
The gnoll is heavily wounded.
The bat barely misses you. The hobgoblin barely misses you.
The gnoll hits you but does no damage.
You shoot a sling bullet.
The sling bullet barely misses the gnoll.
The bat hits you. The bat hits you but does no damage. The hobgoblin hits you.
The gnoll hits you with a +0 club.
You shoot a sling bullet. The sling bullet hits the gnoll.
The gnoll is almost dead.
The bat hits you but does no damage. The hobgoblin closely misses you.
The gnoll hits you but does no damage. The bat closely misses you.
The gnoll hits you with a +0 club. The hobgoblin hits you.
You die...

###
####.#........###
...#......#.###.#.#.
####.#.##.....#
#.##.#
#..)...########
#..... #.##.#.###
###### ##........#
..$.......#
###...#####..#.#.#.#
.............#.@g#g#
....... ...
#.bggS.... ..... .
#..##.###. #..(#
.?.. .# #...#
############# #...#
#8.........8#
#...###.....8.....#
##.#...'...# #...#
########
##.###.##...# #...#
#.......


You could see 2 gnolls, an adder, a hobgoblin and a bat.

Vanquished Creatures
  A gnoll (D:2)
  2 adders (D:2)
  A dart slug (D:1)
  6 endoplasms
  4 giant cockroaches
  2 goblins
  A hobgoblin (D:1)
  3 quokkas (D:1)
  6 ball pythons
  3 bats (D:1)
  A frilled lizard (D:2)
  2 kobolds (D:1)
  4 rats (D:1)
36 creatures vanquished.

Notes
Turn   | Place    | Note
-------+----------+-------------------------------------------
     0 | D:1      | qw the Gargoyle Hexslinger began the quest for the Orb.
     0 | D:1      | Reached XP level 1. HP: 12/12 MP: 2/2
     0 | D:1      | 0 ||| qw: Version: 0.3-a-46-gb1f654a
     0 | D:1      | 0 ||| qw: Game counter: 1748
     0 | D:1      | 0 ||| qw: Melee chars always use a shield: true
     0 | D:1      | 0 ||| qw: God list: Okawaru
     0 | D:1      | 0 ||| qw: Allow faded altars: false
     0 | D:1      | 0 ||| qw: Do Orc after clearing Dungeon:15 true
     0 | D:1      | 0 ||| qw: Do second Lair branch before Depths: true
     0 | D:1      | 0 ||| qw: Lair rune preference: random
     0 | D:1      | 0 ||| qw: Goals: Normal
     0 | D:1      | 0 ||| PLANNING D:1-11
    86 | D:1      | 86 ||| Stepping ~*~*~tactically~*~*~ (outnumbered).
   126 | D:1      | Reached XP level 2. HP: 16/16 MP: 3/3
   205 | D:1      | Reached skill level 3 in Ranged Weapons
   449 | D:1      | Reached XP level 3. HP: 21/21 MP: 4/4
   722 | D:1      | 722 ||| UPGRADING to +0 cloak.
   727 | D:1      | 727 ||| UPGRADING to +0 pair of gloves.
   732 | D:1      | 732 ||| UPGRADING to +0 ring mail.
   742 | D:1      | 742 ||| DROPPING +0 robe.
   743 | D:1      | 743 ||| READING scroll labelled CIOBRO ISSENAA.
   744 | D:1      | 744 ||| DRINKING 2 coppery potions.
   849 | D:1      | 849 ||| DROPPING scroll of poison.
   850 | D:1      | 850 ||| DROPPING potion of berserk rage.
  1028 | D:2      | Reached skill level 1 in Armour
  1056 | D:2      | Reached XP level 4. HP: 21/26 MP: 5/5
  1129 | D:2      | HP: 6/26 [gnoll/+0 club (6)]
  1130 | D:2      | Slain by a hobgoblin

Levels and vault maps discovered:
D:1:      evilmike_arrival_fibonacci_small, layout_loops_ring,
          minmay_pentomino_u2
D:2:      layout_loops_cross, nicolae_nh_oracle_at_delphi

Skill      XL: |  1  2  3 |
---------------+----------+-----
Ranged Weapons | 3 |  3.7
Fighting       | 2 |  2.0
Armour         | 1 |  1.2
Dodging        | |  1.5
Spellcasting   | |  1.0
Hexes          | |  2.6

Action                     |  1- 3 |  4- 6 || total
---------------------------+-------+-------++-------
   Fire: Sling             |   124 |    13 ||   137
    Use: Scroll            |     1 |       ||     1
         Potion            |     1 |       ||     1
 Armour: Robe              |    13 |       ||    13
         Ring mail         |    19 |     5 ||    24
  Dodge: Dodged            |    42 |    10 ||    52

Table legend:
 A = Non-vault XP
 B = Vault XP
 C = Vault XP percentage of total XP
 D = Non-vault monster count
 E = Vault monster count
 F = Vault count percentage of total count
                 A         B        C        D         E       F
            +---------+---------+-------+---------+---------+-------
      Total |      92 |       6 |   6.1 |      32 |       4 |  11.1
            +---------+---------+-------+---------+---------+-------
        D:1 |      45 |       4 |   8.2 |      26 |       2 |   7.1
        D:2 |      47 |       2 |   4.1 |       6 |       2 |  25.0
            +---------+---------+-------+---------+---------+-------
